Map: [ESL] Royal Blood

Players

Bly - Winner!

  • Race: Zerg Zerg
  • Spawn Location: 7:00

Strange

  • Race: Protoss Protoss
  • Spawn Location: 1:00

Event: ESL SC2 Masters 2023 Summer (Regionals)

VOD

Have the link to the VOD?

Description

Time

  • Played on: May 14, 2023, 1:40 p.m.
  • Length: 12:02

All games in this series

Show
View Real Time Build Order
Export as new Build Order

Bly Zerg - Winner!

Build Orders: 3 Hatch before Pool 

Get SALT Encoding   

  12  0:00  Drone  
  13  0:12  Overlord  
  13  0:17  Drone  
  14  0:34  Drone x3  
  17  0:53  Hatchery  
  16  1:15  Hatchery  
  16  1:18  Drone  
  16  1:27  Drone x2  
  18  1:33  Extractor  
  18  1:35  Evolution Chamber  
  18  1:38  Spawning Pool  
  17  1:40  Drone  
  17  1:44  Drone  
  18  1:52  Drone  
  20  2:02  Overlord  
  20  2:16  Drone x3  
  23  2:24  Queen  
  23  2:25  Queen  
  23  2:26  Zergling x2  
  23  2:27  Zergling x2  
  29  2:33  Metabolic Boost  
  29  2:35  Zergling x2  
  30  2:40  Zergling x2  
  30  2:47  Zergling x2  
  31  2:52  Overlord  
  31  3:00  Queen  
  33  3:07  Queen, Overlord  
  33  3:08  Drone  
  36  3:15  Drone x2  
  38  3:32  Zergling x8  
  41  3:40  Queen  
  41  3:43  Queen  
  41  3:46  Drone x5  
  39  3:56  Drone x3  
  42  4:03  Drone  
  43  4:13  Drone x2  
  44  4:19  Hatchery  
  44  4:24  Drone x2  
  42  4:36  Drone x6  
  47  4:45  Overlord, Roach Warren  
  45  4:54  Extractor  
  45  4:57  Extractor  
  42  5:02  Drone x2  
  42  5:03  Drone x7  
  50  5:19  Overlord x2  
  50  5:20  Overlord  
  50  5:24  Lair  
  50  5:27  Spore Crawler  
  50  5:28  Roach  
  51  5:31  Roach  
  53  5:36  Roach x2  
  53  5:37  Zergling x2  
  53  5:38  Zergling x8  
  62  5:48  Evolution Chamber  
  61  5:52  Roach x4  
  61  5:56  Evolution Chamber  
  68  6:01  Roach x3  
  74  6:07  Evolution Chamber  
  74  6:08  Roach x3  
  79  6:18  Overlord  
  75  6:28  Evolution Chamber  
  75  6:30  Drone x6  
  75  6:31  Drone x2  
  80  6:41  Roach  
  80  6:42  Overlord  
  82  6:54  Roach x4  
  82  6:59  Queen x2  
  94  7:06  Extractor  
  93  7:10  Roach Warren  
  93  7:12  Evolution Chamber  
  93  7:14  Evolution Chamber  
  88  7:23  Overlord x2  
  88  7:24  Drone x2  
  88  7:25  Drone  
  91  7:34  Hatchery  
  84  7:39  Evolution Chamber  
  85  7:45  Drone x5, Evolution Chamber  
  85  7:50  Spire  
  86  7:51  Glial Reconstitution  
  86  8:00  Overseer  
  86  8:05  Roach x3  
  91  8:09  Evolution Chamber  
  91  8:13  Hatchery  
  91  8:14  Roach x2  
  92  8:34  Roach x6  
  102  8:43  Roach x2  
  102  8:46  Queen  
  108  8:55  Overlord x2  
  106  9:06  Mutalisk x3  
  106  9:08  Overlord x2  
  112  9:25  Mutalisk x7  
  126  9:35  Evolution Chamber  
  125  9:44  Overlord  
  127  9:48  Overseer  
  127  9:49  Overlord  
  128  9:57  Extractor  
  127  10:01  Overlord  
  127  10:02  Spore Crawler  
  127  10:03  Spore Crawler  
  127  10:04  Extractor, Spore Crawler  
  127  10:06  Tunneling Claws  
  119  10:07  Burrow  
  119  10:08  Overlord  
  119  10:12  Drone x6, Spore Crawler x2  
  122  10:20  Drone x9  
  120  10:39  Hydralisk Den  
  91  10:55  Drone x2  
  91  10:56  Drone x4  
  87  11:10  Hydralisk, Hatchery  
  87  11:11  Hydralisk x7  
  102  11:26  Hydralisk x5  
  110  11:37  Roach x13  
Show
View Real Time Build Order
Export as new Build Order

Strange Protoss 

Build Orders:  

Get SALT Encoding   

  12  0:00  Probe  
  13  0:12  Probe  
  14  0:19  Pylon  
  14  0:24  Probe  
  15  0:37  Probe (Chrono Boost)  
  15  0:38  Gateway  
  16  0:46  Probe (Chrono Boost)  
  16  0:47  Assimilator  
  17  0:52  Probe  
  18  1:04  Probe  
  20  1:20  Pylon  
  20  1:24  Zealot (Chrono Boost), Gateway  
  19  1:27  Cybernetics Core  
  19  1:32  Probe  
  22  1:42  Zealot  
  22  1:44  Probe  
  25  1:56  Probe  
  25  1:58  Pylon  
  25  2:00  Assimilator  
  26  2:10  Adept (Chrono Boost)  
  26  2:15  Warp Gate  
  30  2:17  Probe, Adept (Chrono Boost)  
  31  2:29  Probe  
  32  2:36  Adept  
  34  2:39  Adept  
  36  2:55  Nexus  
  36  3:08  Probe  
  36  3:09  Twilight Council  
  37  3:20  Probe  
  37  3:25  Pylon  
  38  3:32  Probe  
  39  3:43  Resonating Glaives (Chrono Boost)  
  39  3:44  Probe  
  32  3:56  Probe  
  32  3:57  Gateway  
  32  3:59  Gateway  
  32  4:02  Pylon  
  33  4:07  Stalker  
  33  4:09  Probe  
  36  4:10  Sentry  
  36  4:21  Probe  
  35  4:25  Shield Battery  
  35  4:26  Pylon  
  35  4:30  Adept  
  37  4:33  Probe  
  38  4:40  Sentry  
  38  4:41  Shield Battery  
  38  4:45  Probe  
  41  4:49  Gateway  
  41  4:57  Probe  
  42  5:03  Adept x3  
  48  5:09  Probe  
  48  5:10  Gateway  
  49  5:21  Probe  
  49  5:26  Probe  
  51  5:28  Adept x3  
  51  5:33  Probe  
  51  5:35  Pylon  
  58  5:38  Probe  
  59  5:45  Probe  
  59  5:49  Adept x4  
  67  5:51  Probe  
  67  5:52  Pylon  
  67  5:54  Assimilator  
  68  5:57  Probe  
  68  6:00  Dark Shrine  
  69  6:09  Probe  
  68  6:17  Adept x4  
  76  6:18  Probe  
  77  6:26  Assimilator  
  77  6:39  Probe  
  72  6:40  Probe  
  72  6:42  Adept  
  72  6:43  Adept x4  
  77  6:51  Probe, Pylon  
  77  6:52  Probe  
  79  7:03  Probe  
  79  7:04  Probe  
  79  7:06  Adept x5  
  81  7:33  Stargate  
  81  7:34  Stargate, Adept  
  81  7:35  Adept x4  
  83  8:04  Nexus  
  83  8:05  Adept x4  
  91  8:07  Pylon  
  91  8:12  Pylon  
  91  8:17  Phoenix x2 (Chrono Boost)  
  91  8:33  Phoenix x2 (Chrono Boost)  
  85  8:36  Adept x4  
  99  8:58  Phoenix (Chrono Boost)  
  99  9:00  Protoss Air Weapons Level 1  
  95  9:04  Probe x2  
  95  9:05  Phoenix (Chrono Boost), Pylon  
  95  9:12  Phoenix (Chrono Boost)  
  95  9:16  Probe  
  98  9:18  Robotics Facility  
  92  9:39  Void Ray (Chrono Boost)  
  94  9:47  Shield Battery  
  94  9:49  Void Ray (Chrono Boost)  
  94  9:55  Probe  
  94  9:56  Probe, Shield Battery  
  94  9:58  Pylon, Assimilator  
  94  9:59  Assimilator  
  96  10:04  Dark Templar  
  96  10:06  Void Ray  
  102  10:14  Dark Templar  
  102  10:16  Probe x2  
  84  10:31  Dark Templar  
  84  10:35  Probe x3  
  72  10:37  Dark Templar x2  
  64  10:47  Probe x2  
  63  10:54  Nexus  
  62  10:59  Probe x2  
  65  11:11  Probe x2 (Chrono Boost)  
  65  11:15  Adept  
  68  11:21  Probe x2 (Chrono Boost)  
  70  11:26  Probe x2 (Chrono Boost)  
  72  11:37  Probe x2  
  72  11:39  Robotics Bay  
  74  11:49  Probe x2  
  74  11:51  Robotics Facility  
  76  11:55  Pylon  
Tags
 
Add a new tag
Caveats
  • Supply blocks, unpowered buildings, or Contaminate may cause inaccurate times.
  • Supply counts are checked every 10 seconds.